AoeStats
← Rafelso

Arabia

509945861Analyzed
1v1 RM · 5d ago on Sep 28, 2026· 43m 30s· 2 players
Game mode
Random Map
Map size
Tiny (2 player)
Population
200
Speed
Normal
Resources
Standard
Victory
Conquest
Starting age
Dark Age
Ending age
Imperial Age
RankedLock teamsTeams togetherTeam positionsShared explorationLock speedFull tech treeHidden civsTurbo modeCheats
Victory
Defeat
🇩🇪 Britons · Germany
1786
+16
🇫🇷 Maya · France
1776
-16
Rafelso
0:26 Loom
8:50 Feudal Age
9:31 Double-Bit Axe
14:22 Fletching
20:31 Castle Age
19:06 Padded Archer Armor
19:09 Horse Collar
21:24 Bow Saw
21:54 Wheelbarrow
21:17 Bodkin Arrow
22:14 Leather Archer Armor
21:45 Elite Skirmisher
23:52 Ballistics
25:40 Heavy Plow
27:03 Stone Mining
37:29 Imperial Age
34:58 Gold Mining
35:43 Stone Shaft Mining
35:29 Eagle Warrior
36:10 Squires
38:16 Bracer
39:23 Chemistry
39:47 Ring Archer Armor
39:56 Thumb Ring
42:22 Masonry
42:57 Conscription
[FaFi] thomas.3
5:57 Loom
8:27 Feudal Age
9:07 Double-Bit Axe
9:13 Man-at-Arms
20:06 Castle Age
18:21 Fletching
18:29 Gold Mining
18:43 Horse Collar
20:10 Crossbowman
20:46 Bodkin Arrow
21:13 Bow Saw
22:18 Ballistics
21:59 Padded Archer Armor
26:48 Wheelbarrow
34:48 Imperial Age
32:22 Light Cavalry
33:03 Husbandry
33:09 Scale Barding Armor
33:31 Forging
34:25 Chain Barding Armor
35:59 Leather Archer Armor
35:09 Arbalester
35:50 Bracer
36:45 Plate Barding Armor
37:13 Chemistry
36:55 Leather Archer Armor
39:31 Conscription
41:11 Hand Cart
40:41 Town Watch
42:24 Iron Casting
43:14 Ring Archer Armor
42:54 Siege Engineers
43:00 Masonry
44:22 Yeomen
Connection lost

Rejoining the realm…

Still unreachable

The connection could not be restored.

Session expired

The server has moved on; the page needs a fresh start.